Description

CO-OP Oblivion Express

Build Order

Get SALT Encoding   

  1  4:00  Action  
    5:00  Bunker 车1 上  
  2  6:00  Action  
  3  7:00  Action  
    8:00  Bunker 车2 下  
  4  10:00  Action  
    11:00  Bunker 车3 上  
  99  12:00  Cyclone 奖励车1  
  5  13:00  Bunker  
    14:00  Action 双车 车4和车5   
  6  16:00  Bunker  
    17:00  Action 车6下  
  7  19:00  Bunker  
    20:00  Action 双车 车7和车8  
  99  21:00  Cyclone 奖励车2  
  8  22:00  Bunker  
    23:00  Action 车9下  
  9  24:00  Bunker  
Spawning Tool Build Advisor. Get it on Overwolf

Go to:

Details

  • Created by: Arbalest
  • Published on: Jan 01, 2020
  • Modified on: Jan 04, 2020
  • Patch: 4.11.0
Show
View Real Time Build Order
Export as new Build Order

Comments (0)

There are no comments. Be the first!

Create an account to comment!